 Dungeon Crawl Stone Soup version 0.31-a0-174-g85c54bcb58 (webtiles) character file.

Game seed: 6521109748100625752

82 qw the Chopper (level 4, 0/28 HPs)
             Began as a Gargoyle Fighter on June 15, 2023.
             Killed by divine providence
             ... invoked by an orc priest
              (14 damage)
             ... on level 3 of the Dungeon.
             The game lasted 00:00:55 (2093 turns).

qw the Chopper (Gargoyle Fighter)                   Turns: 2093, Time: 00:00:56

Health: 0/28       AC: 12    Str: 21    XL:     4   Next: 43%
Magic:  4/4        EV:  9    Int:  9    God:
Gold:   86         SH:  4    Dex:  9    Spells: 3/3 levels left

rFire   . . .        Y - +0 war axe
rCold   . . .        c - +0 buckler
rNeg    + . .        b - +0 scale mail
rPois   inf          (no helmet)
rElec   +            a - +0 cloak {rPois}
rCorr   .            (no gloves)
SInv    .            l - +0 pair of boots
Will    .....        (no amulet) Stlth
                     (no ring)
HPRegen 0.24/turn    (no ring)
MPRegen 0.09/turn

%: no passive effects
@: no status effects
A: sickness immunity, AC +3, negative energy resistance 1, electricity
resistance, torment resistance 1, petrification resistance
a: no special abilities


You were on level 3 of the Dungeon.
You visited 1 branch of the dungeon, and saw 3 of its levels.

You collected 86 gold pieces.


Innate Abilities, Weirdness & Mutations

You are immune to sickness and miasma.
Your stone body is resilient. (AC +3)
You are immune to poison.
You resist negative energy. (rN+)
You are resistant to electric shocks. (rElec)
You are resistant to unholy torment.
You are immune to petrification.


   Skills:
 - Level 3.2 Fighting
 + Level 4.1 Axes
 - Level 3.2 Armour
 - Level 3.2 Shields


You had 3 spell levels left.
You didn't know any spells.
Your spell library was empty.

Inventory:

Hand Weapons
 h - a +4 mace
 Y - a +0 war axe (weapon)
Armour
 a - a +0 cloak of poison resistance (worn)
 b - a +0 scale mail (worn)
 c - a +0 buckler (worn)
 l - a +0 pair of boots (worn)
Scrolls
 g - a scroll of teleportation
Potions
 d - a potion of might
 e - a potion of heal wounds
 f - a potion of curing
 j - a potion of magic {unknown}
 k - a potion of degeneration {unknown}

Dungeon Overview and Level Annotations

Branches:
Dungeon (3/15)

Altars:


Message History

You closely miss the orc.
The orc wizard hits you but does no damage.
The orc closely misses you.
The orc wizard hits you but does no damage.
You closely miss the orc wizard.
The orc wizard is heavily wounded.
You hit the orc. The orc hits you but does no damage.
The orc wizard gestures at you while chanting.
The puff of flame hits you. The orc completely misses you.
The orc wizard points at you and mumbles some strange words.
You are confused.
2089 ||| DRINKING 3 potions of curing.
You feel better.
2089 ||| (to cure confusion)
The orc barely misses you.
The orc wizard hits you but does no damage.
You barely miss the orc wizard.
The orc wizard is heavily wounded.
You hit the orc.
The orc wizard hits you but does no damage.
You block the orc's attack.
You closely miss the orc wizard.
The orc wizard is heavily wounded.
You barely miss the orc.
The orc wizard hits you but does no damage.
You block the orc's attack.
The orc wizard points at you and mumbles some strange words.
You are confused.
2092 ||| DRINKING 2 potions of curing.
You feel better.
2092 ||| (to cure confusion)
The orc priest invokes the aid of Beogh against you.
Beogh smites you! You block the orc's attack.
You block the orc wizard's attack.
You hit the orc wizard.
The orc wizard is severely wounded.
You barely miss the orc.
The orc wizard hits you with a +0 dagger of speed.
The orc priest calls down the wrath of Beogh upon you.
Beogh smites you!
Ouch! That really hurt!
You die...

#........#
#.###.#.##
#)....#.#
#.#####.#
#.# #.#
##.## #.#
#######...#
#.#
..........#
##.####
.######...#
#.#.@o#
##.##
##.##o# #.#
### o# #.#
o# #.# .#
#.# ## #.#
#######.####
...........#


You could see an orc priest, an orc wizard and 2 orcs.

Vanquished Creatures
  4 gnolls (D:3)
  A worm (D:2)
  A ball python (D:1)
  4 endoplasms
  A giant cockroach (D:1)
  3 goblins
  3 hobgoblins
  2 jackals (D:2)
  7 kobolds (D:1)
  2 quokkas
  3 bats
  4 frilled lizards
  8 rats
43 creatures vanquished.

Notes
Turn   | Place    | Note
-------+----------+-------------------------------------------
     0 | D:1      | qw the Gargoyle Fighter began the quest for the Orb.
     0 | D:1      | Reached XP level 1. HP: 14/14 MP: 1/1
     0 | D:1      | 0 ||| qw: Version: 0.2-a-29-g511e9b1
     0 | D:1      | 0 ||| qw: Game counter: 5383
     0 | D:1      | 0 ||| qw: Always use a shield: true
     0 | D:1      | 0 ||| qw: God list: Okawaru
     0 | D:1      | 0 ||| qw: Allow faded altars: false
     0 | D:1      | 0 ||| qw: Do Orc after D:15 true
     0 | D:1      | 0 ||| qw: Do second Lair branch before Depths: true
     0 | D:1      | 0 ||| qw: Lair rune preference: random
     0 | D:1      | 0 ||| qw: Plans: Normal, Zot:1-4, Slime:5, God:TSO, Crypt,
                  | Tomb, Abyss, Pan, Hells, Win
     0 | D:1      | 0 ||| PLANNING D:1-11
   253 | D:1      | 253 ||| Stepping ~*~*~tactically~*~*~ (hiding).
   261 | D:1      | Reached skill level 2 in Axes
   275 | D:1      | 275 ||| FLEEEEING.
   276 | D:1      | 276 ||| FLEEEEING.
   277 | D:1      | 277 ||| FLEEEEING.
   315 | D:1      | 315 ||| Stepping ~*~*~tactically~*~*~ (stealth).
   317 | D:1      | 317 ||| Stepping ~*~*~tactically~*~*~ (stealth).
   324 | D:1      | 324 ||| Stepping ~*~*~tactically~*~*~ (hiding).
   333 | D:1      | Reached XP level 2. HP: 19/19 MP: 2/2
   837 | D:1      | Reached skill level 3 in Axes
   963 | D:1      | Reached XP level 3. HP: 20/23 MP: 3/3
  1090 | D:1      | 1090 ||| READING scroll labelled XOSTRA IRYMUSK.
  1095 | D:1      | 1095 ||| READING scroll labelled ZIACWO ULLU.
  1096 | D:1      | 1096 ||| READING scroll labelled QUZIVIKHEZAF.
  1097 | D:1      | 1097 ||| DRINKING 3 bubbling purple potions.
  1456 | D:2      | 1456 ||| Stepping ~*~*~tactically~*~*~ (hiding).
  1473 | D:2      | 1473 ||| Stepping ~*~*~tactically~*~*~ (stealth).
  1474 | D:2      | 1474 ||| Stepping ~*~*~tactically~*~*~ (stealth).
  1475 | D:2      | 1475 ||| Stepping ~*~*~tactically~*~*~ (stealth).
  1650 | D:2      | 1650 ||| Stepping ~*~*~tactically~*~*~ (stealth).
  1847 | D:2      | 1847 ||| UPGRADING to +0 cloak of poison resistance.
  1852 | D:2      | 1852 ||| UPGRADING to +0 pair of boots.
  1857 | D:2      | 1857 ||| READING 2 scrolls labelled GUISMO LOEL.
  1858 | D:2      | 1858 ||| DRINKING 2 black potions.
  1859 | D:2      | 1859 ||| DROPPING scroll of immolation.
  1946 | D:3      | 1946 ||| DROPPING +0 club.
  1962 | D:3      | 1962 ||| Stepping ~*~*~tactically~*~*~ (hiding).
  1980 | D:3      | Reached XP level 4. HP: 19/28 MP: 4/4
  1985 | D:3      | Reached skill level 4 in Axes
  2078 | D:3      | 2078 ||| Stepping ~*~*~tactically~*~*~ (hiding).
  2089 | D:3      | 2089 ||| DRINKING 3 potions of curing.
  2089 | D:3      | 2089 ||| (to cure confusion)
  2092 | D:3      | 2092 ||| DRINKING 2 potions of curing.
  2092 | D:3      | 2092 ||| (to cure confusion)
  2093 | D:3      | Killed from afar by an orc priest

Levels and vault maps discovered:
D:1:      nzn_arrival_crosshair, layout_loops_corners, lexackson_kobold_supper
D:2:      layout_loops_ring, serial_glass, glass_columns_b, glass_columns_b
D:3:      lemuel_castle_with_subvaults [lemuel_castle_interior_carwin_1],
          layout_loops_ring, nrook_loot_triangle, uniq_jessica

Skill      XL: |  1  2  3  4 |
---------------+-------------+-----
Axes           | 2 3 4 |  4.1
Fighting       | |  3.2
Armour         | |  3.2
Shields        | |  3.2

Action                     |  1- 3 |  4- 6 || total
---------------------------+-------+-------++-------
  Melee: War axe           |   139 |    22 ||   161
    Use: Scroll            |     4 |       ||     4
         Potion            |     2 |     2 ||     4
 Armour: Scale mail        |    70 |    11 ||    81
  Dodge: Dodged            |    49 |    12 ||    61
  Block: Buckler           |    15 |     6 ||    21

Table legend:
 A = Non-vault XP
 B = Vault XP
 C = Vault XP percentage of total XP
 D = Non-vault monster count
 E = Vault monster count
 F = Vault count percentage of total count
                 A         B        C        D         E       F
            +---------+---------+-------+---------+---------+-------
      Total |     108 |      10 |   8.5 |      35 |       8 |  18.6
            +---------+---------+-------+---------+---------+-------
        D:1 |      27 |      10 |  27.0 |      15 |       8 |  34.8
        D:2 |      22 |       0 |   0.0 |      13 |       0 |   0.0
        D:3 |      59 |       0 |   0.0 |       7 |       0 |   0.0
            +---------+---------+-------+---------+---------+-------
